 Dungeon Crawl Stone Soup version 0.19.3-4-gbf9329e (webtiles) character file.

443 pib the Shooter (level 6, -2/52 HPs)
             Began as a Centaur Hunter on Jan 29, 2017.
             Slain by a worker ant (5 damage)
             ... on level 4 of the Dungeon.
             The game lasted 00:12:49 (5769 turns).

pib the Shooter (Centaur Hunter)                    Turns: 5769, Time: 00:12:50

Health: -2/52      AC:  8    Str: 14    XL:     6   Next: 71%
Magic:  6/6        EV:  4    Int: 10    God:
Gold:   245        SH:  0    Dex: 12    Spells: 0 memorised, 5 levels left

rFire  . . .     SeeInvis .     k - +0 mace
rCold  . . .     Gourm    .     d - +0 chain mail
rNeg   . . .     Faith    .     (no shield)
rPois  .         Spirit   .     (no helmet)
rElec  .         Reflect  .     (no cloak)
rCorr  .         Harm     .     B - +0 pair of gloves
MR     .....                    (no barding)
Stlth  ..........               (no amulet)
                                (no ring)
                                (no ring)

@: lethally poisoned (-2 -> -5), very quick
A: hooves 3, deformed body, speed 2, tough skin 3
a: no special abilities


You were on level 4 of the Dungeon.
You were not hungry.

You visited 1 branch of the dungeon, and saw 4 of its levels.

You collected 245 gold pieces.

Inventory:

Hand Weapons
 a - a +1 shortbow
 b - a +0 short sword
 e - a +0 whip
 k - a +0 mace (weapon)
Missiles
 w - 43 arrows
Armour
 c - a +0 leather armour
 d - a +0 chain mail (worn)
 B - a +0 pair of gloves (worn)
Jewellery
 u - a cursed ring of protection from fire {unknown}
Wands
 C - a wand of paralysis (3/24)
Scrolls
 g - 3 scrolls of teleportation {unknown}
 j - 3 scrolls of identify {unknown}
 l - 2 scrolls of enchant weapon {unknown}
 o - a scroll of noise {unknown}
 p - 3 scrolls of immolation
 q - 2 scrolls of blinking {unknown}
 s - 2 scrolls of remove curse {unknown}
 t - a scroll of amnesia {unknown}
 y - a scroll of recharging {unknown}
Potions
 v - a potion of brilliance {unknown}
 z - a potion of magic {unknown}
 A - a potion of agility {unknown}
 F - a potion of invisibility {unknown}
 G - a potion of haste {unknown}
 H - a potion of heal wounds {unknown}
Comestibles
 f - 7 bread rations
 i - 2 fruits
 m - 3 meat rations
 n - 2 beef jerkies
 x - a royal jelly
 D - 2 chunks of flesh
 E - a slice of pizza


   Skills:
 + Level 4.2 Fighting
 + Level 2.0 Maces & Flails
 + Level 7.3 Bows
 + Level 3.0 Dodging
 - Level 0.4 Stealth


You had 5 spell levels left.
You didn't know any spells.

Dungeon Overview and Level Annotations

Branches:
Dungeon (4/15)
 Temple: D:4-7

Altars:
Kikubaaqudgha
Qazlal
Sif Muna
Yredelemnul
The Shining One


Innate Abilities, Weirdness & Mutations

You have hooves in place of feet.
Armour fits poorly on your strangely shaped body.
You cover ground very quickly.
You have extremely tough skin. (AC +3)


Message History

The orc wizard seems to speed up.
The worker ant barely misses you. The worker ant bites you.
The worker ant bites you.
* * * LOW HITPOINT WARNING * * *
You turn into a tree.
Your +0 pair of gloves melds into your body.
Your +0 chain mail melds into your body.
Your roots penetrate the ground.
You feel sick.
The orc wizard hits you but does no damage.
Okay, then.
It was a potion of cancellation.
Your magical effects are unravelling.
You feel magically purged.
You feel less woody.
Your +0 pair of gloves unmelds from your body.
Your +0 chain mail unmelds from your body.
The worker ant bites you.
* * * LOW HITPOINT WARNING * * *
The worker ant bites you.
You die...

#.............##
#.######.......###
#.#..............##
#.#)###............ #.#.#
#..........## ####.#.#
#..........##
#...o#.###..........#.
#.#oa....##.........#.
#...{@................
#..>...a..............#.
#...........##.###.##.#ยง
#....#......##. ......##
#....#......## ###.#####
#....#......# #.# #
#............# #.# #
#............# #.# # #.#
#


You could see 2 worker ants, an orc wizard (inner flame) and an orc (inner
flame).

Vanquished Creatures
  An ogre (D:4)
  A hound (D:4)
  An orc priest (D:3)
  An orc wizard (D:3)
  4 worker ants (D:4)
  7 adders
  An adder skeleton (D:4)
  6 worms
  3 dart slugs (D:1)
  5 leopard geckos
  4 orcs
  5 bats
  A bat zombie (D:4)
  8 giant cockroaches
  4 goblins
  10 hobgoblins
  2 quokkas
  3 ball pythons
  5 frilled lizards
  9 kobolds
  A quokka skeleton (D:4)
  7 rats
  2 rat zombies (D:4)
91 creatures vanquished.

Notes
Turn   | Place    | Note
-------+----------+-------------------------------------------
     0 | D:1      | pib the Centaur Hunter began the quest for the Orb.
     0 | D:1      | Reached XP level 1. HP: 17/17 MP: 1/1
   254 | D:1      | Reached XP level 2. HP: 23/25 MP: 2/2
   768 | D:1      | Found a glowing golden altar of the Shining One.
  1059 | D:1      | Reached XP level 3. HP: 25/30 MP: 3/3
  1696 | D:2      | Found a faded altar of an unknown god.
  2423 | D:2      | Reached skill level 6 in Bows
  2434 | D:2      | Reached XP level 4. HP: 18/38 MP: 4/4
  2664 | D:2      | Found a basalt altar of Yredelemnul.
  3662 | D:3      | Reached XP level 5. HP: 19/45 MP: 5/5
  3975 | D:3      | Found a deep blue altar of Sif Muna.
  4977 | D:4      | Found an ancient bone altar of Kikubaaqudgha.
  5008 | D:4      | Found a stormy altar of Qazlal.
  5027 | D:4      | Noticed an ogre
  5037 | D:4      | Killed an ogre
  5037 | D:4      | Reached skill level 1 in Maces & Flails
  5037 | D:4      | Reached skill level 7 in Bows
  5037 | D:4      | Reached XP level 6. HP: 52/52 MP: 6/6
  5769 | D:4      | Slain by a worker ant

Skill      XL: |  1  2  3  4  5  6 |
---------------+-------------------+-----
Dodging        | 2 3 |  3.0
Fighting       | 3 4 |  4.2
Bows           | 6 7 |  7.3
Maces & Flails | 1 2 |  2.0
Stealth        | |  0.4

Action                   |  1- 3 |  4- 6 || total
-------------------------+-------+-------++-------
Melee: Short sword       |   154 |    44 ||   198
       Kick              |    30 |    29 ||    59
       Mace              |       |    90 ||    90
       Shortbow          |       |     2 ||     2
 Fire: Shortbow          |    12 |   115 ||   127
  Use: Potion            |       |    10 ||    10
       Scroll            |       |     1 ||     1
  Eat: Chunk             |     4 |     4 ||     8
       Meat ration       |       |     1 ||     1
Armor: Leather armour    |    35 |    18 ||    53
       Chain mail        |       |    98 ||    98
       Skin              |       |     7 ||     7
Dodge: Dodged            |    64 |    72 ||   136
